 Dungeon Crawl Stone Soup version 0.16.2-12-gd0ad4c3 (webtiles) character file.

1129 dvd the Bolt Thrower (level 8, 0/67 HPs)
             Began as a Deep Dwarf Hunter on Oct 12, 2015.
             Was an Initiate of Okawaru.
             Killed by nerve-wracking pain
             ... invoked by an orc priest
              (13 damage)
             ... on level 6 of the Dungeon.
             The game lasted 00:46:32 (5890 turns).

dvd the Bolt Thrower (Deep Dwarf Hunter)            Turns: 5890, Time: 00:46:32

Health: 0/67       AC:  4    Str: 16    XL:     8   Next: 13%
Magic:  12/12      EV: 16    Int: 12    God:    Okawaru [......]
Gold:   254        SH:  0    Dex: 15    Spells: 1 memorised, 5 levels left

rFire  . . .     SeeInvis .     S - +2 hand axe (distort)
rCold  . . .     Clarity  .     F - +2 robe
rNeg   . . .     SustAb   .     (no shield)
rPois  .         Gourm    .     (no helmet)
rElec  .         Spirit   .     (no cloak)
rCorr  .         Warding  .     (no gloves)
rMut   .         Stasis   .     (no boots)
MR     ++...                    (no amulet)
Stlth  ++........               p - ring of protection from magic
                                h - ring of flight

@: non-regenerating, very resistant to hostile enchantments, unstealthy
A: damage resistance, recharge devices, sense surroundings 1, slow healing 3
a: Device Recharging, Renounce Religion, Evoke Flight


You were on level 6 of the Dungeon.
You worshipped Okawaru.
Okawaru was noncommittal.
You were not hungry.

You visited 2 branches of the dungeon, and saw 7 of its levels.
You also visited: Sewer.

You collected 254 gold pieces.

Inventory:

Hand weapons
 a - a +0 mace
 b - a +2 hand crossbow
 d - a +0 war axe
 s - a cursed -2 hunting sling
 u - a cursed -2 spear
 D - a +0 hand axe
 J - a +0 hunting sling
 K - a +0 flail
 S - a +2 hand axe of distortion (weapon)
Missiles
 c - 3 bolts
 t - 2 tomahawks (quivered)
 w - 30 sling bullets
 x - 34 stones
Armour
 g - a +0 scale mail
 q - a +0 ring mail
 z - a +1 chain mail
 F - a +2 robe (worn)
Magical staves
 L - an uncursed staff of conjuration {unknown}
Jewellery
 h - a ring of flight (left hand)
 n - an uncursed ring of fire
 p - a ring of protection from magic (right hand)
 y - an uncursed ring of ice
 O - an uncursed ring of sustain abilities
 Q - a +1 ring of protection
Magical devices
 e - a wand of heal wounds (3)
 A - a wand of draining (8)
 E - a wand of digging (5)
 P - a wand of confusion (37)
Scrolls
 i - a scroll of magic mapping
 l - 8 scrolls of identify
 v - a scroll of amnesia
 H - 3 scrolls of remove curse
 I - 2 scrolls of blinking
 M - 2 scrolls of teleportation
Potions
 m - a potion of cancellation
 r - 3 potions of brilliance
 B - a potion of restore abilities {unknown}
 C - a potion of mutation {unknown}
 N - a potion of might
 R - 4 potions of curing
 T - 3 potions of agility
Books
 o - a book of Burglary

   Spells                             Type                      Level
   a - Swiftness                      Charms/Air                   2
   b - Passwall                       Transmutation/Earth          3
   c - Passage of Golubria            Translocation                4
   d - Lee's Rapid Deconstruction     Earth                        5
   e - Invisibility                   Hexes                        6
   f - Darkness                       Hexes                        7
 G - a book of Annihilations {highlevel, unknown}

   This book is beyond your current level of understanding.

   Spells                             Type                      Level
   a - Poison Arrow                   Conjuration/Poison           6
   b - Chain Lightning                Conjuration/Air              8
   c - Lehudib's Crystal Spear        Conjuration/Earth            8
   d - Glaciate                       Conjuration/Ice              9
   e - Fire Storm                     Conjuration/Fire             9
Comestibles
 f - 5 bread rations
 j - 2 slices of pizza
 k - a beef jerky
 U - a chunk of flesh


   Skills:
 + Level 2.2 Fighting
   Level 0.3 Short Blades
 * Level 1.8(2.0) Axes
 + Level 0.8(1.3) Maces & Flails
 + Level 7.6 Crossbows
 + Level 1.5 Throwing
 + Level 2.4 Armour
 + Level 6.4 Dodging
 + Level 1.7 Stealth
 + Level 0.1 Air Magic
 * Level 3.9 Evocations


You had 5 spell levels left.
You knew the following spells:

 Your Spells              Type           Power        Failure   Level  Hunger
a - Swiftness             Chrm/Air       #.......     52%         2    ###....


Dungeon Overview and Level Annotations

Branches:
Dungeon (6/15)             Temple (1/1) D:6

Altars:
Ashenzari
Cheibriados
Dithmenos
Elyvilon
Fedhas
Nemelex Xobeh
Okawaru
Qazlal
Sif Muna
Trog
Vehumet
Xom
Yredelemnul
Zin
The Shining One


Innate Abilities, Weirdness & Mutations

You are resistant to damage.
You can recharge devices by infusing magical energy.
You passively map a small area around you.
You do not heal naturally.


Message History

Okawaru accepts your kill.
You see here an arrow.
You see here an arrow.
Drink which item? (? for menu, Esc to quit)
You feel better.
There is an open door here.
There is an open door here.
An orc priest comes into view. It is wielding a dagger.
There is an open door here.
An orc comes into view. It is wielding a dagger of venom.
The orc priest shouts!
You hear a shout!
An orc comes into view. It is wielding a trident.
You hit the orc priest.
Space bends around the orc priest.
The orc priest is moderately wounded.
The orc priest closely misses you.
You closely miss the orc priest.
The orc priest is moderately wounded.
The orc priest calls down the wrath of Beogh upon you.
Pain shoots through your body!
You die...

#.....#....'......#..........
#.....#....#......#..........
#.....#....#o..o..#..........
#.....#....#......#..........
####'##....#......#)########.
#....##....#......#((.....##.
#..........#......#.......#..
######.........#o.....#.......'..
.....#.........#@.....#.......#..
.....#.........'......#.......##.
.....'.........#......#)......##.
.....##'###....#......'..........
.....#...####'##......#..........
.....#....'....#......#.......##.
.....'....#....#......#.......##.
.....#....#....#......#..........
##'###..(##....#......#.......##.


You could see an orc priest and 2 orcs.

Vanquished Creatures
  A centaur (D:4)
  Sigmund (D:3)
  2 big kobolds (Sewer)
  A giant frog (D:6)
  A scorpion (D:6)
  A crimson imp (D:5)
  An orc priest (D:4)
  4 worker ants
  2 iguanas (D:5)
  2 orc wizards
  A hound skeleton (D:6)
  A worker ant zombie (D:5)
  6 gnolls
  5 river rats (Sewer)
  10 adders
  2 worms
  3 adder skeletons
  5 giant geckos
  3 oozes
  9 orcs
  3 ball pythons
  7 giant cockroaches
  10 goblins
  9 hobgoblins
  4 jackals (D:3)
  19 kobolds
  2 quokkas
  11 bats
  2 giant gecko skeletons (D:5)
  9 giant newts
  27 rats
164 creatures vanquished.

Vanquished Creatures (others)
  A centaur (D:5)
  A giant frog (D:6)
  A gnoll (D:6)
3 creatures vanquished.

Grand Total: 167 creatures vanquished

Notes
Turn   | Place    | Note
--------------------------------------------------------------
     0 | D:1      | dvd, the Deep Dwarf Hunter, began the quest for the Orb.
     0 | D:1      | Reached XP level 1. HP: 19/19 MP: 1/1
     4 | D:1      | Noticed an electric eel
     4 | D:1      | Noticed an electric eel
   159 | D:1      | Reached XP level 2. HP: 26/26 MP: 2/2
   271 | D:1      | Reached skill level 5 in Crossbows
  1215 | D:2      | Reached XP level 3. HP: 28/32 MP: 3/3
  1590 | D:3      | Reached skill level 1 in Armour
  1971 | D:3      | Reached XP level 4. HP: 25/39 MP: 4/4
  2077 | D:3      | Noticed Sigmund
  2107 | D:3      | Killed Sigmund
  2107 | D:3      | Reached skill level 6 in Crossbows
  2107 | D:3      | Reached XP level 5. HP: 23/45 MP: 5/5
  2581 | D:4      | Noticed a centaur
  2593 | D:4      | Killed a centaur
  2611 | D:4      | Reached XP level 6. HP: 26/52 MP: 6/6
  2705 | D:4      | Learned a level 2 spell: Swiftness
  3139 | D:4      | Reached skill level 7 in Crossbows
  3207 | D:5      | Entered Level 5 of the Dungeon
  3387 | D:5      | Reached skill level 1 in Evocations
  3518 | D:5      | Found a glowing drain.
  3564 | Sewer    | Entered a sewer
  3853 | Sewer    | Reached XP level 7. HP: 38/60 MP: 8/8
  3975 | Sewer    | Reached skill level 5 in Dodging
  4722 | D:5      | Reached skill level 1 in Throwing
  5205 | D:6      | Found a radiant altar of Vehumet.
  5266 | D:6      | Reached skill level 1 in Axes
  5317 | D:6      | Reached XP level 8. HP: 45/67 MP: 10/12
  5597 | D:6      | Found a staircase to the Ecumenical Temple.
  5616 | Temple   | Entered the Ecumenical Temple
  5663 | Temple   | Became a worshipper of Warmaster Okawaru
  5789 | D:6      | HP: 1/67 [goliath beetle (26)]
  5890 | D:6      | Killed from afar by an orc priest

Action                   |  1- 3 |  4- 6 |  7- 9 || total
-------------------------+-------+-------+-------++-------
Melee: Short sword       |    17 |     1 |       ||    18
       Mace              |       |    49 |    91 ||   140
       Hand axe          |       |       |    99 ||    99
 Fire: Hand crossbow     |    94 |   166 |    18 ||   278
Throw: Tomahawk          |     2 |     7 |    28 ||    37
       Stone             |       |       |     8 ||     8
 Cast: Swiftness         |       |     1 |     1 ||     2
 Abil: Evoke Flight      |       |       |     1 ||     1
       Device Recharging |       |       |     1 ||     1
Evoke: Wand              |       |     3 |     2 ||     5
  Use: Scroll            |     1 |     6 |     3 ||    10
       Potion            |       |     9 |     7 ||    16
 Stab: Sleeping          |       |       |     1 ||     1
  Eat: Chunk             |     3 |     6 |     2 ||    11
       Meat ration       |       |       |     1 ||     1
